 Dungeon Crawl Stone Soup version 0.25.0-11-g1f837a76a1 (webtiles) character file.

Game seed: 6292085594626903424

137 xccam the Chopper (level 5, 0/30 HPs)
             Began as a Tengu Warper on June 26, 2020.
             Slain by a hobgoblin (3 damage)
             ... on level 3 of the Dungeon.
             The game lasted 00:02:14 (2479 turns).

xccam the Chopper (Tengu Warper)                    Turns: 2479, Time: 00:02:15

Health: 0/30       AC:  4    Str: 12    XL:     5   Next: 20%
Magic:  9/9        EV: 14    Int: 14    God:
Gold:   127        SH:  0    Dex: 13    Spells: 8/8 levels left

rFire    . . .     SeeInvis .   a - +0 hand axe
rCold    . . .     Gourm    .   (no shield)
rNeg     . . .     Faith    +   b - +0 leather armour
rPois    .         Spirit   .   (helmet restricted)
rElec    .         Reflect  .   (no cloak)
rCorr    .         Harm     .   i - +0 pair of gloves
MR       .....                  (boots unavailable)
Stlth    +.........             q - amulet of faith
HPRegen  0.10/turn              (no ring)
MPRegen  0.11/turn              (no ring)

@: flying quickly and evasively, hasted, very quick
A: beak, talons 3, able to fly
a: Stop Flying


You were on level 3 of the Dungeon.
You were not hungry.

You visited 1 branch of the dungeon, and saw 3 of its levels.

You collected 127 gold pieces.

Inventory:

Hand Weapons
 a - a +0 hand axe (weapon)
Missiles
 e - 5 boomerangs of dispersal (quivered)
Armour
 b - a +0 leather armour (worn)
 i - a +0 pair of gloves (worn)
Jewellery
 q - an amulet of faith (around neck)
Scrolls
 c - a scroll of random uselessness {unknown}
 d - 2 scrolls of blinking
 h - 5 scrolls of identify {unknown}
 m - 2 scrolls of remove curse {unknown}
 o - a scroll of teleportation {unknown}
 p - a scroll of amnesia {unknown}
 r - a scroll of enchant weapon {unknown}
Potions
 j - a potion of invisibility {unknown}
 k - a potion of haste
 l - a potion of heal wounds {unknown}
 n - a potion of resistance {unknown}
 t - a potion of ambrosia {unknown}
Comestibles
 f - 9 rations
 s - 10 chunks of flesh


   Skills:
 - Level 2.0 Fighting
 + Level 5.7 Axes
 - Level 1.0 Throwing
 - Level 1.1 Armour
 - Level 2.1 Dodging
 - Level 2.0 Spellcasting
   Level 2.4 Translocations


You had 8 spell levels left.
You didn't know any spells.
Your spell library contained the following spells:

 Spells                   Type           Power        Failure   Level  Hunger
 Blink                    Tloc           N/A          17%         2    ###....
 Shroud of Golubria       Chrm/Tloc      #.....       28%         2    ###....
 Gell's Gravitas          Tloc           #.........   34%         3    ####...
 Lesser Beckoning         Tloc           #.........   34%         3    ####...
 Teleport Other           Tloc           #.......     34%         3    ####...
 Passage of Golubria      Tloc           N/A          75%         4    #####..


Dungeon Overview and Level Annotations

Branches:
Dungeon (3/15)

Altars:
Qazlal


Innate Abilities, Weirdness & Mutations

You have a beak for a mouth.
You have claws for feet.
You can fly continuously.


Message History

A hobgoblin comes into view.
It is carrying a wand of disintegration (17).
The hobgoblin moves out of view.
The hobgoblin shouts!
The hobgoblin zaps a wand.
You barely resist.
A hobgoblin is nearby!
The hobgoblin misses you.
You hit the hobgoblin. Your peck misses the hobgoblin.
The hobgoblin is moderately wounded.
The hobgoblin zaps a wand.
You are blasted!
Ouch! That really hurt!
* * * LOW HITPOINT WARNING * * *
You are too injured to fight recklessly!
You are too injured to fight recklessly!
It was a potion of haste.
You feel yourself speed up.
The hobgoblin zaps a wand.
You are blasted!
* * * LOW HITPOINT WARNING * * *
It was a potion of flight.
You feel more buoyant. The hobgoblin hits you.
You die...

........##################
#######.# #.# #.#####
#.....#### ###......#
#.#.##.# #.#.##.###
#@#......# #g######## #..
.... .#... .. .... ..
..... ... ....##


You could see a hobgoblin.

Vanquished Creatures
  9 adders
  2 oozes
  A worm (D:2)
  A dart slug (D:3)
  3 leopard geckos
  6 bats
  4 giant cockroaches
  4 goblins
  3 hobgoblins
  5 kobolds
  A ball python (D:3)
  2 frilled lizards (D:2)
  2 rats
  3 toadstools (D:1)
46 creatures vanquished.

Vanquished Creatures (others)
  A toadstool (D:1)
1 creature vanquished.

Grand Total: 47 creatures vanquished

Notes
Turn   | Place    | Note
-------+----------+-------------------------------------------
     0 | D:1      | xccam the Tengu Warper began the quest for the Orb.
     0 | D:1      | Reached XP level 1. HP: 12/12 MP: 4/4
   153 | D:1      | Reached XP level 2. HP: 14/17 MP: 6/6
   164 | D:1      | Reached skill level 3 in Axes
   716 | D:2      | Reached XP level 3. HP: 21/21 MP: 7/7
   742 | D:2      | Reached skill level 4 in Axes
   916 | D:2      | Reached XP level 4. HP: 13/26 MP: 8/8
  1498 | D:2      | Reached skill level 5 in Axes
  2127 | D:3      | Found a stormy altar of Qazlal.
  2269 | D:3      | Gained mutation: You can fly continuously. [Tengu growth]
  2269 | D:3      | Reached XP level 5. HP: 30/30 MP: 9/9
  2479 | D:3      | Slain by a hobgoblin

Illustrated notes

Levels and vault maps discovered:
D:1:      ldierk_water_garden, layout_rooms, glass_columns_b
D:2:      layout_loops_ring
D:3:      layout_basic, grunt_qazlal_sundering, chequers_ecumenical_altar_lobes,
          nicolae_ashenzari_panopticon

Skill      XL: |  1  2  3  4 |
---------------+-------------+-----
Axes           | 3 4 5 |  5.7
Fighting       | |  2.0
Throwing       | |  1.0
Armour         | |  1.1
Dodging        | |  2.1
Spellcasting   | |  2.0
Translocations | |  2.4

Action                   |  1- 3 |  4- 6 || total
-------------------------+-------+-------++-------
Melee: Hand axe          |    60 |    82 ||   142
       Peck              |     8 |     5 ||    13
       Kick              |    12 |     9 ||    21
 Abil: Fly               |       |     1 ||     1
  Use: Potion            |       |     2 ||     2
 Stab: Sleeping          |     1 |     1 ||     2
  Eat: Chunk             |       |     5 ||     5
Armor: Leather armour    |    14 |    21 ||    35
Dodge: Dodged            |    40 |    67 ||   107
